 Dungeon Crawl Stone Soup version 0.26-a0-639-g72c4674329 (webtiles) character file.

Game seed: 9897723860826359137

3 Apogee the Shield-Bearer (level 1, 0/18 HPs)
             Began as a Formicid Fighter on Sept 25, 2020.
             Slain by a goblin (3 damage)
             ... on level 1 of the Dungeon.
             The game lasted 00:00:10 (44 turns).

Apogee the Shield-Bearer (Formicid Fighter)           Turns: 44, Time: 00:00:11

Health: 0/18       AC:  6    Str: 20    XL:     1   Next: 55%
Magic:  1/1        EV:  7    Int:  7    God:
Gold:   29         SH:  9    Dex: 10    Spells: 0/0 levels left

rFire    . . .     SeeInvis +   a - +0 war axe
rCold    . . .     Faith    .   c - +0 kite shield
rNeg     . . .     Spirit   .   b - +0 scale mail
rPois    .         Reflect  .   (helmet unavailable)
rElec    .         Harm     .   (no cloak)
rCorr    .         Rampage  .   (no gloves)
MR       .....                  (no boots)
Stlth    ..........             (no amulet)
HPRegen  0.06/turn              (no ring)
MPRegen  0.07/turn              (no ring)

@: no status effects
A: permanent stasis, dig shafts and tunnels, four strong arms, antennae 3
a: Dig, Shaft Self


You were on level 1 of the Dungeon.
You visited 1 branch of the dungeon, and saw 1 of its levels.

You collected 29 gold pieces.

Inventory:

Hand Weapons
 a - a +0 war axe (weapon)
Armour
 b - a +0 scale mail (worn)
 c - a +0 kite shield (worn)
Potions
 d - a potion of might


   Skills:
 + Level 3.3 Fighting
 * Level 2.1 Axes
 + Level 3.3 Armour
 + Level 3.7 Shields


You couldn't memorise any spells.
You didn't know any spells.
Your spell library was empty.

Dungeon Overview and Level Annotations

Branches:
Dungeon (1/15)

Altars:


Innate Abilities, Weirdness & Mutations

You cannot be hasted, slowed, berserked, paralysed or teleported.
You can dig through walls and to a lower floor.
Your four strong arms can wield two-handed weapons with a shield.
You have a pair of large antennae on your head. (SInv)


Message History

Found a ring mail.
You sense a monster nearby.
A leopard gecko and a hobgoblin come into view.
The leopard gecko hisses angrily.
The hobgoblin shouts!
Found a hand axe.
There are monsters nearby!
There are monsters nearby!
A goblin comes into view.
A hobgoblin comes into view. It is wielding a +0 club.
The goblin shouts!
The hobgoblin shouts!
You block the leopard gecko's attack.
Your shield and scale mail prevent you from hitting the leopard gecko.
The leopard gecko bites you but does no damage.
The leopard gecko bites you.
You closely miss the hobgoblin. You closely miss the leopard gecko.
The leopard gecko bites you but does no damage.
You block the hobgoblin's attack.
The leopard gecko bites you but does no damage.
You barely miss the hobgoblin. You barely miss the leopard gecko.
The leopard gecko bites you.
The hobgoblin hits you but does no damage.
You block the leopard gecko's attack.
You slash the hobgoblin!
You kill the hobgoblin!
Your shield prevents you from hitting the leopard gecko.
You barely miss the goblin. The leopard gecko bites you.
You hit the goblin.
You hit the leopard gecko but do no damage.
You hit the hobgoblin. The leopard gecko bites you.
* * * LOW HITPOINT WARNING * * *
You block the goblin's attack.
The leopard gecko bites you but does no damage.
The hobgoblin hits you but does no damage.
The goblin hits you.
* * * LOW HITPOINT WARNING * * *
The goblin completely misses you. You block the leopard gecko's attack.
You miss the leopard gecko. You block the leopard gecko's attack.
The leopard gecko bites you.
* * * LOW HITPOINT WARNING * * *
You hit the leopard gecko. The leopard gecko bites you.
* * * LOW HITPOINT WARNING * * *
You slash the leopard gecko!
You kill the leopard gecko!
Your scale mail prevents you from hitting the goblin.
You block the goblin's attack. The goblin barely misses you.
You miss the goblin. The goblin barely misses you.
You closely miss the goblin. The goblin hits you but does no damage.
The goblin hits you.
You die...

#.......#
#.......#
#.......# ..
###.......# #.[
#....).....
##.####.#†.......
.......g.g......#
.#...#g#....####
#...#@##.#.....
#.....##.###...
####....###... #.
##......####..#
..............#
##.##...####..# .
#.........#
#.........).## #.
##
.........###...#
..# ..#


You could see a hobgoblin and a goblin.

Vanquished Creatures
  A leopard gecko (D:1)
  A hobgoblin (D:1)
2 creatures vanquished.

Notes
Turn   | Place    | Note
-------+----------+-------------------------------------------
     0 | D:1      | Apogee the Formicid Fighter began the quest for the Orb.
     0 | D:1      | Reached XP level 1. HP: 18/18 MP: 1/1
    44 | D:1      | Slain by a goblin

Illustrated notes

Levels and vault maps discovered:
D:1:      lightli_iron_boxes, layout_rooms, nrook_mini_backslash,
          minmay_lizard_king

Action                   || total
-------------------------++-------
Melee: War axe           ||    11
Armor: Scale mail        ||     7
Dodge: Dodged            ||     3
Block: Kite shield       ||     7

Table legend: (Time is in decaauts)
 A = Elapsed time spent in this place.
 B = Non-inter-level travel time spent in this place.
 C = Inter-level travel time spent in this place.
 D = Time resting spent in this place.
 E = Time spent auto-exploring this place.
 F = Levels seen in this place.
 G = Mean time per level.
                   A        B        C        D        E       F      G
               +--------+--------+--------+--------+--------+-----+--------+
         Total |     48 |     48 |      0 |      0 |     23 |   1 |   48.0 |
       Dungeon |     48 |     48 |      0 |      0 |     23 |   1 |   48.0 |
               +--------+--------+--------+--------+--------+-----+--------+

Top non-repeatable levels by time:
     D:1: 48 daAuts
